 Dungeon Crawl Stone Soup version 0.26-b1-32-g5d43845318 (webtiles) character file.

Game seed: 4530149395306890500

2760 MisterFreud the Frost Mage (level 9, -1/51 HPs)
             Began as a Demonspawn Ice Elementalist on Jan 12, 2021.
             Was a Follower of Hepliaklqana.
             Killed from afar by an electric eel (15 damage)
             ... with a bolt of electricity
             ... on level 7 of the Dungeon.
             The game lasted 00:11:40 (8285 turns).

MisterFreud the Frost Mage (DsIE)                   Turns: 8285, Time: 00:11:41

Health: -1/51      AC:  7    Str:  8    XL:     9   Next: 41%
Magic:  18/18      EV: 12    Int: 21    God:    Hepliaklqana [*.....]
Gold:   338        SH:  0    Dex: 13    Spells: 9/20 levels left

rFire    . . .     SeeInvis .   m - +4 quarterstaff (chaos)
rCold    + + .     Faith    .   (shield currently unavailable)
rNeg     . . .     Spirit   .   a - +0 robe
rPois    .         Reflect  .   u - +2 hat
rElec    .         Harm     .   v - +0 cloak (curse)
rCorr    .         Rampage  .   (no gloves)
Will     .....                  (no boots)
Stlth    ++........             o - amulet of the acrobat
HPRegen  0.17/turn              K - ring of protection from cold
MPRegen  0.16/turn              (no ring)

@: no status effects
A: reduced essence, claws 2, thin metallic scales 1, cold resistance 1, demonic
guardian 1
a: Renounce Religion, Recall Ancestor, Ancestor Identity


You were on level 7 of the Dungeon.
You worshipped Hepliaklqana.
Hepliaklqana was aware of your devotion.
You visited 2 branches of the dungeon, and saw 8 of its levels.

You collected 338 gold pieces.

Inventory:

Hand Weapons
 d - a +0 dagger
 m - a +4 quarterstaff of chaos (weapon)
 q - a +4 vorpal hand axe
Missiles
 n - 16 javelins
 r - 14 boomerangs
 D - 8 atropa-tipped darts
 L - 31 poisoned darts
 N - 7 silver javelins
Armour
 a - a +0 robe (worn)
 k - a +0 helmet
 u - a +2 hat (worn)
 v - a cursed +0 cloak (worn)
Jewellery
 o - an amulet of the acrobat (around neck)
 K - a ring of protection from cold (left claw)
Wands
 j - a wand of flame (16)
 w - a wand of iceblast (5)
 y - a wand of polymorph (19)
 A - a wand of disintegration (5)
 F - a wand of enslavement (11)
 M - a wand of random effects (16)
Scrolls
 b - 3 scrolls of fog {unknown}
 c - 2 scrolls of fear {unknown}
 e - 6 scrolls of identify {unknown}
 i - 6 scrolls of blinking {unknown}
 l - 2 scrolls of teleportation {unknown}
 t - 2 scrolls of amnesia {unknown}
 x - 2 scrolls of enchant armour {unknown}
 B - 5 scrolls of remove curse {unknown}
 C - a scroll of vulnerability {unknown}
 I - a scroll of silence {unknown}
 J - a scroll of enchant weapon {unknown}
Potions
 f - a potion of brilliance {unknown}
 g - 3 potions of haste {unknown}
 h - 2 potions of curing {unknown}
 p - 4 potions of attraction {unknown}
 s - 3 potions of heal wounds {unknown}
 z - a potion of might {unknown}
 E - a potion of lignification {unknown}
 G - a potion of resistance {unknown}
 H - a potion of degeneration {unknown}
 O - a potion of cancellation {unknown}


   Skills:
 - Level 6.0 Staves
 - Level 1.7 Dodging
 - Level 1.7 Stealth
 + Level 6.1 Spellcasting
 + Level 9.2 Ice Magic


You had 9 spell levels left.
You knew the following spells:

 Your Spells              Type           Power        Failure   Level
a - Freeze                Ice            100%         1%          1
b - Frozen Ramparts       Ice            90%          1%          3
c - Ozocubu's Armour      Ice            45%          1%          3
d - Hailstorm             Conj/Ice       25%          14%         4

Your spell library contained the following spells:

 Spells                   Type           Power        Failure   Level
 Summon Ice Beast         Ice/Summ       25%          14%         4


Dungeon Overview and Level Annotations

Branches:
Dungeon (7/15)             Temple (1/1) D:5

Altars:
Ashenzari
Cheibriados
Dithmenos
Elyvilon
Fedhas
Gozag
Hepliaklqana
Kikubaaqudgha
Makhleb
Nemelex Xobeh
Okawaru
Qazlal
Ru
Sif Muna
Trog
Uskayaw
Vehumet
Wu Jian
Xom
Yredelemnul
Zin
The Shining One


Innate Abilities, Weirdness & Mutations

You have very sharp fingernails.
You are partially covered in thin metallic scales. (AC +2)
Your flesh is cold resistant. (rC+)
A weak demonic guardian rushes to your aid.
Your life essence is reduced to manifest your ancestor. (-10% HP)


Message History

The electric eel shoots out a bolt of lightning at you!
The bolt of electricity misses you.
The electric eel shoots out a bolt of lightning at you!
The bolt of electricity hits you!
The electric eel shoots out a bolt of lightning at you!
The bolt of electricity hits you!
You sock the electric eel!
The electric eel seems to slow down.
You freeze the electric eel.
The electric eel is severely wounded.
Xiuhtonal hits the electric eel.
The electric eel shoots out a bolt of lightning at you!
The bolt of electricity hits you!
* * * LOW HITPOINT WARNING * * *
You closely miss the electric eel.
The electric eel is almost dead.
Xiuhtonal hits the electric eel.
The electric eel dies!
The electric eel shoots out a bolt of lightning at you!
The bolt of electricity hits you!
You die...

##≈≈≈≈## ##.)..((..(..
###≈≈≈≈≈≈###.(#########.
...≈≈.........# #.
..≈≈.......(..# #.
.≈....≈≈......# #.
.≈..≈≈..≈.....# #.
.(≈≈....≈.....# ##
.$...⌠≈≈......#
....≈≈⌠@R.....#
...≈....≈≈...##
...≈..≈≈..≈..#
....≈≈....≈..#
........;≈...#
.......≈≈....#
###≈≈≈≈≈≈###.# ##≈≈≈≈##
##


You could see the friendly Xiuhtonal the ancestor and an electric eel.

Vanquished Creatures
  Pikel (D:5)
  2 orc warriors
  An ice beast (D:7)
  3 ogres
  A sky beast (D:5)
  2 phantoms
  A necrophage (D:6)
  2 centaurs (D:7)
  3 lemures (D:5)
  2 bullfrogs
  5 killer bees (D:7)
  A jelly (D:6)
  A hound (D:4)
  5 orc priests
  Crazy Yiuf (D:2)
  A bullfrog skeleton (D:5)
  7 orc wizards
  Jessica (D:2)
  A worker ant (D:6)
  Robin (D:2)
  4 gnolls (D:3)
  2 howler monkey zombies
  9 adders
  A shadow imp (D:7)
  2 oozes
  An adder zombie (D:5)
  2 worms
  4 dart slugs
  2 leopard geckos
  12 orcs
  9 bats
  2 giant cockroaches
  6 hobgoblins
  20 jackals
  3 quokkas
  A ball python (D:2)
  3 frilled lizards
  15 goblins
  A jackal skeleton (D:6)
  4 kobolds
  A leopard gecko skeleton (D:7)
  7 rats
153 creatures vanquished.

Vanquished Creatures (collateral kills)
  A phantom (D:7)
  A scorpion (D:4)
  A killer bee (D:7)
  A howler monkey (D:6)
  An electric eel (D:7)
  An orc wizard (D:3)
  A howler monkey zombie (D:6)
  An adder (D:4)
  A worm (D:4)
  4 orcs
  A jackal (D:6)
  A ball python skeleton (D:6)
15 creatures vanquished.

Vanquished Creatures (others)
  An ancestor (D:7)
  2 fungi (D:2)
  38 plants (D:3)
41 creatures vanquished.

Grand Total: 209 creatures vanquished

Notes
Turn   | Place    | Note
-------+----------+-------------------------------------------
     0 | D:1      | MisterFreud the Demonspawn Ice Elementalist began the quest
                  | for the Orb.
     0 | D:1      | Reached XP level 1. HP: 13/13 MP: 3/3
   290 | D:1      | Reached skill level 4 in Ice Magic
   470 | D:1      | Gained mutation: You have sharp fingernails. [demonic
                  | ancestry]
   470 | D:1      | Reached XP level 2. HP: 18/19 MP: 1/5
   878 | D:2      | Gained mutation: You are partially covered in thin metallic
                  | scales. (AC +2) [demonic ancestry]
   878 | D:2      | Reached XP level 3. HP: 24/24 MP: 4/6
  1014 | D:2      | Noticed Robin
  1033 | D:2      | Killed Robin
  1037 | D:2      | Reached skill level 5 in Ice Magic
  1166 | D:2      | Noticed Jessica
  1169 | D:2      | Killed Jessica
  1170 | D:2      | Reached XP level 4. HP: 30/30 MP: 4/7
  1210 | D:2      | Learned a level 3 spell: Frozen Ramparts
  1214 | D:2      | Learned a level 3 spell: Ozocubu's Armour
  1458 | D:2      | Found a stormy altar of Qazlal.
  1584 | D:2      | Found a runed translucent door.
  1585 | D:2      | Noticed Crazy Yiuf
  1596 | D:2      | Killed Crazy Yiuf
  1943 | D:3      | Gained mutation: A weak demonic guardian rushes to your
                  | aid. [demonic ancestry]
  1943 | D:3      | Reached XP level 5. HP: 35/35 MP: 8/8
  1983 | D:3      | Noticed an orc warrior
  1988 | D:3      | Reached skill level 6 in Ice Magic
  1990 | D:3      | Killed an orc warrior
  1995 | D:3      | Reached XP level 6. HP: 19/41 MP: 6/10
  3295 | D:3      | Found a blossoming altar of Fedhas.
  3696 | D:4      | Reached XP level 7. HP: 32/46 MP: 6/12
  3698 | D:4      | Reached skill level 7 in Ice Magic
  4762 | D:4      | Reached skill level 8 in Ice Magic
  4762 | D:4      | Reached skill level 1 in Staves
  5122 | D:5      | Entered Level 5 of the Dungeon
  5222 | D:5      | Learned a level 4 spell: Hailstorm
  5514 | D:5      | Gained mutation: Your flesh is cold resistant. (rC+)
                  | [demonic ancestry]
  5514 | D:5      | Reached XP level 8. HP: 52/52 MP: 7/14
  5612 | D:5      | Noticed Pikel
  5619 | D:5      | Killed Pikel
  5620 | D:5      | Reached skill level 5 in Staves
  6045 | D:5      | Found a staircase to the Ecumenical Temple.
  6064 | Temple   | Entered the Ecumenical Temple
  6191 | Temple   | Became a worshipper of Hepliaklqana the Forgotten
  6668 | D:6      | Gained mutation: You have very sharp fingernails. [demonic
                  | ancestry]
  6668 | D:6      | Reached XP level 9. HP: 3/51 MP: 9/16
  7020 | D:6      | Reached skill level 5 in Spellcasting
  7647 | D:7      | Reached * piety under Hepliaklqana
  7842 | D:7      | Reached skill level 9 in Ice Magic
  8285 | D:7      | Killed from afar by an electric eel

Illustrated notes

Levels and vault maps discovered:
D:1:      dpeg_arrival_connections, layout_loops_cross
D:2:      layout_rooms, general_overflow_altar, grunt_decor_mini_mirrors,
          uniq_jessica, uniq_crazy_yiuf_cottage, uniq_robin
D:3:      layout_basic, serial_bayou, serial_bayou_shore_b,
          serial_bayou_lagoon_b, serial_bayou_ford_a, serial_bayou_shore_a,
          fedhas_altar_2
D:4:      layout_basic
D:5:      layout_basic, temple_hall, uniq_pikel
D:6:      layout_cave_pools
D:7:      cheibrodos_helix_gallery, layout_basic
Temple:   kilobyte_greek_temple

Skill      XL: |  1  2  3  4  5  6  7  8  9 |
---------------+----------------------------+-----
Ice Magic      | 4 5 6 8 9 |  9.2
Spellcasting   | 3 4 6 |  6.1
Staves         | 3 6 |  6.0
Dodging        | |  1.7
Stealth        | |  1.7

Action                   |  1- 3 |  4- 6 |  7- 9 || total
-------------------------+-------+-------+-------++-------
Melee: Dagger            |    33 |    23 |       ||    56
       Unarmed           |     1 |       |       ||     1
       Quarterstaff      |       |    83 |   160 ||   243
 Cast: Freeze            |    44 |    10 |       ||    54
       Frozen Ramparts   |       |    11 |    19 ||    30
       Ozocubu's Armour  |       |     1 |     2 ||     3
       Hailstorm         |       |       |     1 ||     1
Evoke: Wand              |       |       |     1 ||     1
 Stab: Sleeping          |     1 |     6 |     6 ||    13
       Petrified         |       |     4 |       ||     4
       Paralysed         |       |     1 |     1 ||     2
       Distracted        |       |       |     2 ||     2
       Petrifying        |       |       |     1 ||     1
Armor: Robe              |    13 |    34 |    46 ||    93
Dodge: Dodged            |    39 |    65 |    92 ||   196
